 Dungeon Crawl Stone Soup version 0.19.3-1-g3169bf9 (webtiles) character file.

235 Alarkh the Chopper (level 5, -3/41 HPs)
             Began as a Demonspawn Monk on Jan 26, 2017.
             Slain by an iguana (11 damage)
             ... on level 4 of the Dungeon.
             The game lasted 00:04:04 (3452 turns).

Alarkh the Chopper (Demonspawn Monk)                Turns: 3452, Time: 00:04:05

Health: -3/41      AC: 11    Str: 11    XL:     5   Next: 76%
Magic:  5/5        EV: 11    Int: 12    God:
Gold:   163        SH:  0    Dex: 16    Spells: 0 memorised, 4 levels left

rFire  . . .     SeeInvis .     a - +0 hand axe
rCold  . . .     Gourm    +     w - +2 scale mail {rPois}
rNeg   . . .     Faith    .     (no shield)
rPois  +         Spirit   .     (no helmet)
rElec  .         Reflect  .     r - +0 cloak
rCorr  .         Harm     .     (no gloves)
MR     .....                    (no boots)
Stlth  ++........               p - amulet of the gourmand
                                u - +2 ring of protection
                                n - ring of stealth

@: no status effects
A: repulsion field 1, demonic guardian 1, powered by death 1
a: no special abilities


You were on level 4 of the Dungeon.
You were very full.

You visited 1 branch of the dungeon, and saw 4 of its levels.

You collected 163 gold pieces.

Inventory:

Hand Weapons
 a - a +0 hand axe (weapon)
Missiles
 l - a throwing net (quivered)
Armour
 b - a +0 robe
 r - a +0 cloak (worn)
 w - a +2 scale mail of poison resistance (worn)
Jewellery
 n - a ring of stealth (left hand)
 p - an amulet of the gourmand (around neck)
 t - an uncursed ring of protection from fire
 u - a +2 ring of protection (right hand)
Scrolls
 d - 4 scrolls of immolation
 e - 2 scrolls of identify
 f - 4 scrolls of recharging {unknown}
 g - a scroll of remove curse
 h - 4 scrolls of enchant armour {unknown}
 i - 3 scrolls of random uselessness {unknown}
 q - 3 scrolls of teleportation {unknown}
 y - a scroll of blinking {unknown}
Potions
 k - 3 potions of cancellation
 m - a potion of curing
 o - a potion of berserk rage
 s - 2 potions of flight
 v - a potion of lignification
Comestibles
 c - 3 bread rations
 j - 2 chunks of flesh
 x - 3 fruits
 z - a slice of pizza
 A - a beef jerky


   Skills:
 - Level 3.0 Fighting
 + Level 6.0 Axes
 - Level 2.6 Dodging
 - Level 1.7 Stealth


You had 4 spell levels left.
You didn't know any spells.

Dungeon Overview and Level Annotations

Branches:
Dungeon (4/15)
 Temple: D:4-7

Altars:
Uskayaw
Yredelemnul


Innate Abilities, Weirdness & Mutations

You are surrounded by a mild repulsion field. (EV +2)
A weak demonic guardian rushes to your aid.
You regenerate a little health from kills.


Message History

The iguana bites you but does no damage.
You hit the iguana but do no damage.
The iguana is severely wounded.
The iguana closely misses you.
You hit the iguana.
The iguana is severely wounded.
The iguana bites you.
* * * LOW HITPOINT WARNING * * *
You closely miss the iguana.
The iguana is severely wounded.
The iguana bites you.
* * * LOW HITPOINT WARNING * * *
You barely miss the iguana.
The iguana is severely wounded.
The iguana bites you.
* * * LOW HITPOINT WARNING * * *
You hit the iguana but do no damage.
The iguana is severely wounded.
The iguana bites you!
You die...

##....######..####...
#######......# ##..##$...
.........#.#.## ##....#..
........รท#.#..######......
..........................
...........(.......#....#
..........########...#
..........#..........#
................@###.#
..........##...l....##
.##..###..###....#.##
#......# ...(... #
###...... .....## ##....#


You could see an iguana.

Vanquished Creatures
  Terence (D:2)
  Natasha (D:2)
  An iguana (D:4)
  A worker ant (D:4)
  6 adders
  A worm (D:2)
  2 dart slugs (D:1)
  2 leopard geckos
  An orc (D:3)
  A giant cockroach (D:2)
  10 goblins
  A hobgoblin (D:1)
  7 jackals
  2 quokkas
  5 bats
  8 frilled lizards (D:1)
  5 kobolds
  7 rats
  A spectral orc (D:3)
63 creatures vanquished.

Vanquished Creatures (collateral kills)
  Natasha (twice) (D:2)
  A goblin (D:2)
3 creatures vanquished.

Grand Total: 66 creatures vanquished

Notes
Turn   | Place    | Note
-------+----------+-------------------------------------------
     0 | D:1      | Alarkh the Demonspawn Monk began the quest for the Orb.
     0 | D:1      | Reached XP level 1. HP: 18/18 MP: 1/1
    82 | D:1      | Reached skill level 3 in Axes
   423 | D:1      | Gained mutation: A weak demonic guardian rushes to your aid. [demonic ancestry]
   423 | D:1      | Reached XP level 2. HP: 22/24 MP: 2/2
  1085 | D:1      | Reached XP level 3. HP: 16/29 MP: 3/3
  1360 | D:2      | Reached skill level 4 in Axes
  1791 | D:2      | Noticed Terence
  1795 | D:2      | Gained mutation: You are surrounded by a mild repulsion field. (EV +2) [demonic ancestry]
  1795 | D:2      | Reached XP level 4. HP: 20/35 MP: 4/4
  2089 | D:2      | Noticed Natasha
  2100 | D:2      | Killed Natasha
  2306 | D:2      | Killed Terence
  2333 | D:2      | Noticed Natasha
  2339 | D:2      | Killed Natasha
  2339 | D:2      | Reached skill level 5 in Axes
  2415 | D:2      | Noticed Natasha
  2423 | D:2      | Killed Natasha
  2423 | D:2      | Gained mutation: You regenerate a little health from kills. [demonic ancestry]
  2423 | D:2      | Reached XP level 5. HP: 41/41 MP: 5/5
  2514 | D:3      | Noticed a dagger
  2515 | D:3      | Noticed a hand axe
  2515 | D:3      | Found a hide-covered altar of Uskayaw.
  3027 | D:3      | Found a basalt altar of Yredelemnul.
  3395 | D:4      | Reached skill level 6 in Axes
  3452 | D:4      | Slain by an iguana

Skill      XL: |  1  2  3  4  5 |
---------------+----------------+-----
Axes           | 3 4 5 6 |  6.0
Fighting       | |  3.0
Dodging        | |  2.6
Stealth        | |  1.7

Action                   |  1- 3 |  4- 6 || total
-------------------------+-------+-------++-------
Melee: Hand axe          |   138 |   161 ||   299
  Use: Scroll            |     5 |     2 ||     7
       Potion            |       |     2 ||     2
 Stab: Sleeping          |     2 |     6 ||     8
       Distracted        |       |     2 ||     2
  Eat: Chunk             |    12 |     5 ||    17
Armor: Robe              |    25 |     6 ||    31
       Scale mail        |       |    45 ||    45
Dodge: Dodged            |   112 |    87 ||   199
